 Dungeon Crawl Stone Soup version 0.24-a0-411-g4df2b1290f (webtiles) character file.

Game seed: 10948848606320964544

8050 Gargoyl the Envoy of Void (level 11, -7/89 HPs)
             Began as a Centaur Abyssal Knight on June 6, 2019.
             Was a High Priest of Lugonu.
             Mangled by Gastronok (28 damage)
             ... on level 9 of the Dungeon.
             The game lasted 00:23:39 (11593 turns).

Gargoyl the Envoy of Void (Centaur Abyssal Knight) Turns: 11593, Time: 00:23:39

Health: -7/89      AC: 17    Str: 16    XL:     11   Next: 4%
Magic:  15/15      EV:  3    Int: 11    God:    Lugonu [*****.]
Gold:   646        SH:  0    Dex: 15    Spells: 10/10 levels left

rFire    + + .     SeeInvis +   C - +2 flail "Bilest" {venom, rPois rF+}
rCold    . . .     Gourm    .   m - +5 shield
rNeg     . . .     Faith    .   p - +0 plate armour
rPois    +         Spirit   .   b - +2 hat {SInv}
rElec    .         Reflect  .   o - +2 cloak
rCorr    .         Harm     .   i - +0 pair of gloves
MR       .....                  (no barding)
Stlth    ..........             (no amulet)
HPRegen  0.24/turn              f - +4 ring of dexterity
MPRegen  0.14/turn              n - ring of protection from fire

@: confused, slowed
A: large, hooves 3, horns 1, deformed body, speed 2, low mp 1, tough skin 3,
wild magic 1
a: Depart the Abyss, Bend Space, Banish, Corrupt, Enter the Abyss, Renounce
Religion


You were on level 9 of the Dungeon.
You worshipped Lugonu.
Lugonu was extremely pleased with you.
You were not hungry.

You visited 1 branch of the dungeon, and saw 9 of its levels.
You visited the Abyss 1 time.
You also visited: Ossuary.

You collected 646 gold pieces.

Inventory:

Hand Weapons
 a - a +1 hand axe
 w - a +1 war axe
 C - the +2 flail "Bilest" (weapon) {venom, rPois rF+}
   (You found it on level 7 of the Dungeon)

   It poisons the flesh of those it strikes.
   It protects you from fire.
   It protects you from poison.
 J - a +4 hand axe
 N - the +7 glaive "Wooquj" {speed, *Drain Str+5 Stlth+, unknown}
   (You found it on level 8 of the Dungeon)

   Attacks with this weapon are significantly faster.
   It affects your strength (+5).
   It causes draining when unequipped.
   It makes you more stealthy.
Missiles
 r - 5 boomerangs (quivered)
Armour
 b - a +2 hat of see invisible (worn)
 i - a +0 pair of gloves (worn)
 m - a +5 shield (worn)
 o - a +2 cloak (worn)
 p - a +0 plate armour (worn)
Jewellery
 f - a +4 ring of dexterity (left hand)
 n - a ring of protection from fire (right hand)
 I - an uncursed ring of fire
 K - an uncursed ring of protection from fire
 M - an uncursed ring of fire
Wands
 d - a wand of digging (8)
 e - a wand of paralysis (17)
 z - a wand of polymorph (2)
 H - a wand of enslavement (12)
Scrolls
 k - 2 scrolls of identify
 u - 3 scrolls of fear
 x - 3 scrolls of teleportation
 y - 3 scrolls of amnesia
 B - 4 scrolls of remove curse
 D - a scroll of fog
Potions
 g - 2 potions of lignification
 h - a potion of magic {unknown}
 j - 3 potions of heal wounds
 l - 3 potions of invisibility
 q - a potion of ambrosia
 s - 5 potions of curing
 t - a potion of mutation
 v - a potion of haste
 A - 3 potions of flight
 E - a potion of agility
 F - 2 potions of degeneration {unknown}
 G - a potion of brilliance {unknown}
 L - a potion of berserk rage {unknown}
Comestibles
 c - 12 rations
 O - 7 chunks of flesh


   Skills:
 + Level 5.9 Fighting
 + Level 6.6(7.2) Axes
 + Level 4.3(6.1) Maces & Flails
 + Level 1.0 Throwing
 * Level 6.2 Armour
 * Level 5.1 Dodging
 + Level 4.5 Shields
 * Level 7.6 Invocations


You had 10 spell levels left.
You didn't know any spells.
Your spell library contained the following spells:

 Spells                   Type           Power        Failure   Level  Hunger
 Beastly Appendage        Tmut           #.....       100%        1    ##.....
 Confusing Touch          Hex            #.....       100%        1    ##.....
 Infusion                 Chrm           #...         100%        1    ##.....
 Shroud of Golubria       Chrm/Tloc      #.....       100%        2    ###....
 Song of Slaying          Chrm           #.......     100%        2    ###....
 Sticks to Snakes         Tmut           #.......     100%        2    ###....
 Confuse                  Hex            #.......     100%        3    ####...
 Gell's Gravitas          Tloc           #.........   100%        3    ####...
 Regeneration             Chrm/Necr      #.........   100%        3    ####...
 Spectral Weapon          Hex/Chrm       #.......     100%        3    ####...
 Spider Form              Tmut/Pois      #.........   100%        3    ####...
 Ice Form                 Ice/Tmut       #.......     100%        4    #####..
 Petrify                  Tmut/Erth      #.......     100%        4    #####..
 Blade Hands              Tmut           #.........   100%        5    ######.
 Metabolic Englaciation   Hex/Ice        #.........   100%        5    ######.
 Yara's Violent Unravell  Hex/Tmut       #.........   100%        5    ######.


Dungeon Overview and Level Annotations

Branches:
Dungeon (9/15)             Temple (0/1) D:7
   Lair: D:8-11         Orc: D:9-12

Altars:
Ashenzari
Dithmenos
Nemelex Xobeh
Qazlal
Sif Muna
Vehumet
Yredelemnul
Zin
Beogh

Shops:
D:6 *   D:7 (

Annotations:
D:9 Gastronok


Innate Abilities, Weirdness & Mutations

You have hooves in place of feet.
Armour fits poorly on your strangely shaped body.
You cover ground very quickly.
You have extremely tough skin. (AC +3)
You have a pair of small horns on your head.
Your magical capacity is low. (-10% MP)
Your spells are a little harder to cast, but a little more powerful.


Message History

You block Gastronok's attack.
You hit Gastronok.
Gastronok looks as sick as possible!
You headbutt Gastronok.
Gastronok is heavily wounded.
You hit Gastronok but do no damage.
Gastronok looks as sick as possible!
You kick Gastronok, but do no damage.
Gastronok is heavily wounded.
Gastronok waves his eye-stalks in wide circles.
The air twists around and strikes you!
You hit Gastronok.
Gastronok looks as sick as possible!
You kick Gastronok.
You headbutt Gastronok, but do no damage.
Gastronok is heavily wounded.
You block Gastronok's attack.
You hit Gastronok but do no damage.
Gastronok is heavily wounded.
Gastronok waves his eye-stalks in wide circles.
The air twists around and strikes you!
* * * LOW HITPOINT WARNING * * *
You are confused.
You feel invigorated. Gastronok bites you!!
You die...

### ############ ..#
#..........# ..#
#..........# ..#
#..........### ####
..###..........'.# .....
..#.'...>......#@#......
..#.#..........#.w......
..#.#..........###......
..'.#..........# ......
..###..........# .....
..# #..........# .....
### ###+######## .... #
#### #


You could see Gastronok.

Vanquished Creatures
  The ghost of stonage the Firebug, a novice OpFE of Sif Muna (D:8)
  Pikel (D:5)
  A cyclops (D:7)
  Grinder (D:3)
  3 hippogriffs (D:8)
  Eustachio (D:5)
  6 yaks
  A human (D:6)
  3 hogs (D:6)
  A wyvern (D:8)
  A hungry ghost (D:8)
  6 ice beasts
  A slave (D:6)
  5 orc warriors
  A sky beast (D:6)
  3 phantoms
  4 ogres
  2 centaurs
  4 bullfrogs
  5 scorpions
  5 killer bees (D:9)
  An electric eel (D:8)
  2 howler monkeys
  6 crimson imps
  3 centaur zombies (Ossuary)
  A quasit (D:9)
  4 orc priests
  4 bullfrog skeletons
  2 jellies
  2 centaur skeletons
  2 iguanas
  5 orc wizards
  3 worker ants
  2 ogre zombies (Ossuary)
  A hound skeleton (D:7)
  7 mummies (Ossuary)
  A killer bee simulacrum (D:8)
  8 gnolls
  3 adders
  3 shadow imps
  2 white imps (D:8)
  A worker ant simulacrum (D:8)
  9 adder zombies (Ossuary)
  3 worms (D:2)
  A dart slug (D:1)
  An adder simulacrum (D:8)
  3 leopard geckos
  39 orcs
  3 giant cockroaches
  A gnoll zombie (Ossuary)
  5 goblins
  2 hobgoblins
  17 jackals
  5 quokkas
  3 ball pythons
  4 bats
  3 frilled lizards
  2 goblin zombies (Ossuary)
  3 hobgoblin zombies (Ossuary)
  A jackal skeleton (D:6)
  A jackal zombie (D:6)
  10 kobolds
  An orc zombie (Ossuary)
  2 quokka skeletons
  5 quokka zombies (Ossuary)
  6 rats
  4 rat zombies (Ossuary)
253 creatures vanquished.

Vanquished Creatures (collateral kills)
  A shadow imp (D:7)
1 creature vanquished.

Vanquished Creatures (others)
  A slave (D:6)
  A phantom (D:6)
  2 orc wizards (D:3)
  2 howler monkey skeletons (D:6)
6 creatures vanquished.

Grand Total: 260 creatures vanquished

Notes
Turn   | Place    | Note
-------+----------+-------------------------------------------
     0 | Abyss:1  | Gargoyl the Centaur Abyssal Knight began the quest for the
                  | Orb.
     0 | Abyss:1  | Reached XP level 1. HP: 19/19 MP: 2/2
    89 | Abyss:3  | Noticed a thrashing horror
    92 | D:1      | Escaped the Abyss
   534 | D:1      | Reached XP level 2. HP: 20/26 MP: 3/3
   948 | D:2      | Reached * piety under Lugonu
  1037 | D:2      | Reached XP level 3. HP: 13/31 MP: 4/4
  1607 | D:2      | Reached skill level 1 in Dodging
  1770 | D:3      | Reached XP level 4. HP: 25/38 MP: 5/5
  2205 | D:3      | Found a deep blue altar of Sif Muna.
  2636 | D:3      | Noticed Grinder
  2654 | D:3      | Killed Grinder
  2654 | D:3      | Reached skill level 1 in Shields
  2654 | D:3      | Reached skill level 3 in Invocations
  2654 | D:3      | Reached XP level 5. HP: 27/45 MP: 5/7
  2654 | D:3      | Reached XP level 6. HP: 30/51 MP: 5/8
  2810 | D:3      | Reached ** piety under Lugonu
  2814 | D:3      | Found a shadowy altar of Dithmenos.
  2815 | D:3      | Found a basalt altar of Yredelemnul.
  2815 | D:3      | Found a stormy altar of Qazlal.
  2825 | D:3      | Found a radiant altar of Vehumet.
  3788 | D:4      | Reached XP level 7. HP: 53/58 MP: 9/9
  3920 | D:4      | Found a glowing silver altar of Zin.
  4160 | D:5      | Entered Level 5 of the Dungeon
  4191 | D:5      | Noticed Eustachio
  4230 | D:5      | Killed Eustachio
  4414 | D:5      | Reached skill level 4 in Invocations
  4950 | D:5      | Reached *** piety under Lugonu
  5272 | D:6      | Reached XP level 8. HP: 66/66 MP: 11/11
  5302 | D:6      | Noticed Pikel
  5378 | D:5      | Killed Pikel
  5378 | D:5      | Reached skill level 5 in Axes
  5554 | D:6      | Found a sparkling altar of Nemelex Xobeh.
  5603 | D:6      | Reached skill level 5 in Invocations
  5622 | D:6      | Found Jikad's Lightly-Used Armoury.
  6169 | D:6      | Reached XP level 9. HP: 12/72 MP: 13/13
  6820 | D:7      | Found Upneiss's Antique Weapon Shoppe.
  6931 | D:7      | Found a staircase to the Ecumenical Temple.
  6976 | D:7      | Got a crude flail
  6977 | D:7      | Identified the +2 flail "Bilest" {venom, rPois rF+} (You
                  | found it on level 7 of the Dungeon)
  7046 | D:7      | Found a sand-covered staircase.
  7051 | Ossuary  | Entered an ossuary
  7222 | Ossuary  | Reached **** piety under Lugonu
  7744 | D:7      | Noticed a cyclops
  7839 | D:6      | Gained mutation: You do not regenerate when monsters are
                  | visible. [potion of mutation]
  7839 | D:6      | Gained mutation: Your spells are a little harder to cast,
                  | but a little more powerful. [potion of mutation]
  7840 | D:6      | Lost mutation: Your spells are a little harder to cast, but
                  | a little more powerful. [potion of mutation]
  7840 | D:6      | Lost mutation: You do not regenerate when monsters are
                  | visible. [potion of mutation]
  7840 | D:6      | Gained mutation: Your magical capacity is low. (-10% MP)
                  | [potion of mutation]
  7840 | D:6      | Gained mutation: You have a pair of small horns on your
                  | head. [potion of mutation]
  7840 | D:6      | Gained mutation: Your spells are a little harder to cast,
                  | but a little more powerful. [potion of mutation]
  7850 | D:6      | Reached skill level 5 in Armour
  7991 | D:6      | Reached skill level 5 in Fighting
  7991 | D:6      | Reached skill level 6 in Invocations
  8029 | D:7      | Killed a cyclops
  8029 | D:7      | Reached skill level 1 in Maces & Flails
  8525 | D:8      | Reached XP level 10. HP: 59/81 MP: 13/13
  8931 | D:8      | Found a deep blue altar of Sif Muna.
  9109 | D:8      | Found a roughly hewn altar of Beogh.
  9196 | D:8      | Reached ***** piety under Lugonu
  9198 | D:8      | Found a runed translucent gate.
  9198 | D:8      | Found a runed translucent gate.
  9198 | D:8      | Found a runed translucent gate.
  9630 | D:8      | Reached skill level 7 in Invocations
  9744 | D:8      | Found a shattered altar of Ashenzari.
  9963 | D:8      | Noticed stonage's ghost (novice OpFE)
 10655 | D:8      | Killed stonage's ghost
 10655 | D:8      | Reached skill level 1 in Throwing
 10655 | D:8      | Reached skill level 5 in Dodging
 10924 | D:8      | Got a polished glaive
 11329 | D:9      | Reached XP level 11. HP: 85/89 MP: 15/15
 11365 | D:9      | Found a deep blue altar of Sif Muna.
 11570 | D:9      | Noticed Gastronok
 11593 | D:9      | Mangled by Gastronok

Levels and vault maps discovered:
D:1:      wander_arrival_chamber, layout_basic
D:2:      layout_rooms, grunt_ministairs_1
D:3:      layout_basic, chequers_temple_overflow_statue_of_worship,
          led_sif_book, uniq_grinder
D:4:      layout_cave_pools, nicolae_overflow_crystal_walls
D:5:      layout_loops_ring, first_ration, uniq_eustachio
D:6:      minmay_bubble_buster, layout_loops_ring,
          nemelex_xobeh_ov_fountains_minmay, minmay_shop_damaged, uniq_pikel
D:7:      layout_cave_pools, minmay_temple_entry_glassed_door,
          nicolae_ossuary_entry_false_entrances, serial_shops, shop,
          grunt_livestock
D:8:      statuecave_lemuel, layout_gridville, overflow_temple_1_default,
          kennysheep_mini_moat, special_room [special_room_orc],
          gammafunk_ghost_icy
D:9:      layout_roguey, nicolae_ru_the_path_less_chosen, lair_entry_dummy,
          basic_altar, serial_shops, shop, uniq_gastronok

Skill      XL: |  1  2  3  4  5  6  7  8  9 10 |
---------------+-------------------------------+-----
Axes           | 2 3 4 5 6 |  6.6
Armour         | 2 3 4 5 6 |  6.2
Dodging        | 1 2 3 4 5 |  5.1
Shields        | 1 2 3 4 |  4.5
Invocations    | 3 4 5 6 7 |  7.6
Fighting       | 4 5 |  5.9
Maces & Flails | 1 4 |  4.3
Throwing       | 1 |  1.0

Action                   |  1- 3 |  4- 6 |  7- 9 | 10-12 || total
-------------------------+-------+-------+-------+-------++-------
Melee: Hand axe          |   118 |   116 |   194 |       ||   428
       Kick              |    22 |    41 |   137 |   103 ||   303
       War axe           |       |       |   212 |       ||   212
       Unarmed           |       |       |    11 |       ||    11
       Flail             |       |       |    48 |   338 ||   386
       Headbutt          |       |       |     8 |    63 ||    71
Throw: Boomerang         |       |       |     8 |     4 ||    12
Invok: Depart the Abyss  |     1 |       |       |       ||     1
       Bend Space        |       |       |     1 |       ||     1
  Use: Scroll            |     9 |     2 |    16 |     1 ||    28
       Potion            |       |       |     4 |     1 ||     5
 Stab: Confused          |       |       |     1 |       ||     1
  Eat: Chunk             |     1 |     6 |     7 |     9 ||    23
       Ration            |       |       |     2 |     1 ||     3
Armor: Chain mail        |    89 |    74 |   191 |       ||   354
       Leather armour    |     1 |       |       |       ||     1
       Skin              |       |       |     9 |       ||     9
       Plate armour      |       |       |    19 |   167 ||   186
Dodge: Dodged            |     8 |    12 |    48 |    32 ||   100
Block: Shield            |    43 |    58 |   266 |   223 ||   590

Table legend:
 A = Non-vault XP
 B = Vault XP
 C = Vault XP percentage of total XP
 D = Non-vault monster count
 E = Vault monster count
 F = Vault count percentage of total count
                 A         B        C        D         E       F
            +---------+---------+-------+---------+---------+-------
      Total |    6802 |    4698 |  40.9 |     168 |      85 |  33.6
            +---------+---------+-------+---------+---------+-------
        D:1 |      20 |       0 |   0.0 |      13 |       0 |   0.0
        D:2 |      43 |       5 |  10.4 |      21 |       2 |   8.7
        D:3 |     284 |     262 |  48.0 |      22 |       1 |   4.3
        D:4 |     275 |       0 |   0.0 |      10 |       0 |   0.0
        D:5 |     321 |     884 |  73.4 |      27 |       2 |   6.9
        D:6 |     502 |    1196 |  70.4 |      11 |      12 |  52.2
        D:7 |     935 |     209 |  18.3 |      11 |       1 |   8.3
        D:8 |    3297 |    1760 |  34.8 |      34 |      30 |  46.9
        D:9 |    1125 |       0 |   0.0 |      19 |       0 |   0.0
    Ossuary |       0 |     382 | 100.0 |       0 |      37 | 100.0
            +---------+---------+-------+---------+---------+-------
